 Dungeon Sprint DCSS version 0.27.1 (webtiles) character file.

Game seed: 14205479717837565100

1 styxcanada the Sneak (level 1, -2/10 HPs)
             Began as a Spriggan Brigand on Aug 22, 2021.
             Was an Initiate of Gozag.
             Slain by an iguana (6 damage)
             ... in the Dungeon (Sprint V: "Ziggurat Sprint").
             The game lasted 00:05:20 (101 turns).

styxcanada the Sneak (Spriggan Brigand)              Turns: 101, Time: 00:05:20

Health: -2/10      AC:  3    Str: 16    XL:     1   Next: 16%
Magic:  2/2        EV: 16    Int: 12    God:    Gozag
Gold:   144        SH:  9    Dex: 22    Spells: 0/0 levels left

rFire    . . .     SeeInvis +   a - +5 short sword of Action {elec, rC+ Str+3}
rCold    + . .     Faith    .   I - +3 buckler
rNeg     . . .     Spirit   .   b - +0 robe
rPois    .         Reflect  .   (helmet restricted)
rElec    .         Harm     .   c - +0 cloak
rCorr    .         Rampage  .   (gloves unavailable)
Will     .....     NoTele   +   (boots unavailable)
Stlth    ++++......             (no amulet)
HPRegen  0.03/turn              w - +6 ring of dexterity
MPRegen  0.08/turn              A - +6 ring of strength

@: on berserk cooldown, slowed, quick
A: very small, no large weapons, unfitting armour, see invisible, speed 3
a: Renounce Religion, Potion Petition, Call Merchant, Bribe Branch


You were in the Dungeon.
You worshipped Gozag.
Gozag was aware of your devotion.
You visited 1 branch You collected 144 gold pieces.

Inventory:

Hand Weapons
 a - the +5 short sword of Action (weapon) {elec, rC+ Str+3}
   (You found it in the Dungeon)

   It occasionally discharges a powerful burst of electricity upon striking a
   foe.
   Str:       It affects your strength (+3).
   rC:        It protects you from cold.
 J - a +5 hunting sling
 L - a +5 dagger
 M - a +5 quick blade
 N - the +9 sword of Zonguldrok {reap}
   (You found it in the Dungeon)

   Any living foe damaged by it may be reanimated upon death as a zombie
   friendly to the wielder, with an increasing chance as more damage is dealt.
Missiles
 d - 8 poisoned darts (quivered)
 e - 2 curare-tipped darts
 K - 1000 sling bullets
Armour
 b - a +0 robe (worn)
 c - a +0 cloak (worn)
 G - +5 fire dragon scales
 H - +5 shadow dragon scales
 I - a +3 buckler (worn)
Jewellery
 v - a ring of flight
 w - a +6 ring of dexterity (left hand)
 x - a +6 ring of dexterity
 y - a +6 ring of intelligence
 A - a +6 ring of strength (right hand)
Wands
 D - a wand of mindburst (7)
 E - a wand of iceblast (7)
 F - a wand of acid (7)
Scrolls
 k - 4 scrolls of blinking
 q - 4 scrolls of amnesia
 r - 7 scrolls of fog
 s - a scroll of holy word
 t - 5 scrolls of identify
 u - 2 scrolls of fear
Potions
 f - 10 potions of curing
 g - 10 potions of heal wounds
 h - 6 potions of haste
 i - 7 potions of magic
 j - 2 potions of berserk rage
 l - 2 potions of brilliance
 m - 2 potions of invisibility
 n - 4 potions of resistance
 o - a potion of experience
 p - 5 potions of might
Miscellaneous
 C - a lightning rod (4/4)


   Skills:
 * Level 1.6 Fighting
 + Level 2.2 Short Blades
 + Level 2.0 Throwing
 * Level 0.1 Armour
 * Level 1.6 Dodging
 * Level 6.3 Stealth
 * Level 0.1 Shields
 * Level 0.3 Evocations


You couldn't memorise any spells.
You didn't know any spells.
Your spell library was empty.

Dungeon Overview and Level Annotations

Branches:
Dungeon (1/1)

Altars:
Ashenzari
Cheibriados
Dithmenos
Elyvilon
Fedhas
Gozag
Hepliaklqana
Kikubaaqudgha
Makhleb
Nemelex Xobeh
Okawaru
Qazlal
Ru
Sif Muna
Trog
Uskayaw
Vehumet
Wu Jian
Xom
Yredelemnul
Zin
The Shining One
Beogh
Jiyva
Lugonu

Annotations:
D 1 transporter


Innate Abilities, Weirdness & Mutations

You are very small and have problems with some larger weapons.
You are too small for most types of armour.
You have supernaturally acute eyesight. (SInv)
You cover ground extremely quickly. (Speed+++)


Message History

You feel yourself moving faster!
You feel mighty! The jackal skeleton closely misses you.
The ball python skeleton closely misses you. x2
You puncture the ball python skeleton!
You destroy the ball python skeleton!
You block the jackal skeleton's attack.
Your Stealth skill increases to level 6!
You puncture the jackal skeleton!
You destroy the jackal skeleton!
You now have 81 gold pieces.
You feel a strong urge to attack something.
You now have 144 gold pieces (gained 63).
You see here the +5 short sword of Action {elec, rC+ Str+3}.
You feel your anger nearly subside.
You see here a +1 rapier of venom.
You start waiting.
You are no longer berserk.
You are exhausted.
You feel yourself slow down.
You see here the +5 short sword of Action {elec, rC+ Str+3}.
a - the +5 short sword of Action {elec, rC+ Str+3} You feel stronger.
You hear the crackle of electricity.
a - the +5 short sword of Action (weapon)
{elec, rC+ Str+3}
There is a transporter here.
Welcome to arena 2.
You enter the transporter and appear at another place.
An iguana and 2 river rats come into view.
Found three items.
Found a transporter.
The iguana hisses angrily.
You closely miss the river rat. The river rat barely misses you.
The iguana misses you.
You barely miss the river rat. The river rat barely misses you.
You block the iguana's attack. The river rat misses you. The iguana bites you.
Ouch! That really hurt!
You completely miss the river rat. The river rat misses you.
The iguana bites you.
Ouch! That really hurt!
You die...
Your body crumbles into a pile of gold.

▓▓▓▓▓▓▓▓▓▓▓▓▓
▓.8©8.▓.8©8.▓
▓.:[|.▓.....▓
▓...r.▓...).▓
▓...rl▓.....▓
▓...@.▓.....▓
▓.....▓..©..▓
▓..©..▓▓▓▓▓▓▓
▓▓▓▓▓▓▓


You could see an iguana and 2 river rats.

Vanquished Creatures
  A ball python skeleton (D)
  A jackal skeleton (D)
2 creatures vanquished.

Notes
Turn   | Place    | Note
-------+----------+-------------------------------------------
     0 | D        | styxcanada the Spriggan Brigand began the quest for the
                  | Orb.
     0 | D        | Reached XP level 1. HP: 10/10 MP: 2/2
     0 | D        | Found a shimmering blue altar of Sif Muna.
     0 | D        | Found a sacrificial altar of Ru.
     0 | D        | Found a bloodstained altar of Trog.
     0 | D        | Found a stormy altar of Qazlal.
     0 | D        | Found an iron altar of Okawaru.
     0 | D        | Found a sparkling altar of Nemelex Xobeh.
     0 | D        | Found a blossoming altar of Fedhas.
     0 | D        | Found the +6 Majin-Bo {vamp, MP+6 Int+6}
     0 | D        | Found the +9 heavy crossbow "Sniper" {vorpal, Acc+∞ SInv}
     0 | D        | Found the +10 dark maul {vorpal}
     0 | D        | Found the +15 Maxwell's patent armour {-Cast -Tele rElec
                  | Will+ rCorr}
     0 | D        | Found the +18 shield of the Gong {rElec rN+ Will+ EV-5}
     0 | D        | Found the +14 obsidian axe {vorpal, Drain Fly SInv}
     0 | D        | Found the +7 great mace "Firestarter" {inner flame, rF++}
     0 | D        | Found the +6 shillelagh "Devastator" {shatter}
     0 | D        | Found the +11 plutonium sword {Contam Stlth-}
     0 | D        | Found the +8 lance "Wyrmbane" {slay drac, rPois rF+ rC+
                  | AC+3}
     0 | D        | Found the +9 sword of Zonguldrok {reap}
     0 | D        | Found the +13 scythe of Curses {drain, Drain}
     0 | D        | Found the +5 sword of Power {vorpal}
     0 | D        | Found the +7 mace of Variability {chain chaos}
     0 | D        | Found the +7 Singing Sword {vorpal, sonic wave}
     0 | D        | Found the +8 storm bow {elec, penet}
     2 | D        | Found a transporter.
     2 | D        | Found an ancient bone altar of Kikubaaqudgha.
     2 | D        | Found a viscous altar of Jiyva.
     2 | D        | Found a corrupted altar of Lugonu.
     2 | D        | Found a hazy altar of Hepliaklqana.
     2 | D        | Found a burning altar of Makhleb.
     2 | D        | Found an opulent altar of Gozag.
    67 | D        | Became a worshipper of Gozag Ym Sagoz the Greedy
    75 | D        | Entered arena 2.
    75 | D        | Found a transporter.
    81 | D        | Reached skill level 6 in Stealth
    91 | D        | Got the +5 short sword of Action {elec, rC+ Str+3}
    95 | D        | Entered arena 3.
    95 | D        | Noticed an iguana
    95 | D        | Found a transporter.
   101 | D        | Slain by an iguana

Illustrated notes

Levels and vault maps discovered:
D:        sprint_v [room_start, room_1, room_2, room_3, room_4, room_5, room_6,
          room_7, room_8, room_9, room_10, room_11, room_12, room_13, room_14,
          room_15, room_16, room_17, room_18, room_19, room_20, room_21,
          room_22, room_23, room_24, room_25, room_26, room_27]

Skill      XL: |  1 |
---------------+----+-----
Stealth        | 6 |  6.3
Fighting       | |  1.6
Short Blades   | |  2.2
Throwing       | |  2.0
Armour         | |  0.1
Dodging        | |  1.6
Shields        | |  0.1
Evocations     | |  0.3

Action                   || total
-------------------------++-------
Melee: Short sword       ||     3
       Quick blade       ||     2
  Use: Potion            ||     1
Dodge: Dodged            ||     9
Block: Buckler           ||     4
